cohdb
Replays
Latest Replays
All Replays
Popular Replays
Top Player Replays
Match Explorer
How It Works
Community
CoH3 Stats
Reddit
Sign in to upload your games and track your stats! →
Sign in with Steam
Match 45278147
Unlisted
Match 45278147
Overview
Messages
Build Orders
End
Engineer Squad
Construct Barracks
Selects Heavy Weapons
Riflemen Squad
Riflemen Squad
M1 Mortar Team
M1 Mortar Team
Construct Medical Station
Infantry Support Center
Construct Weapon Support Center
Selects M2HB .50cal Heavy Machine Gun
M3 Armored Personnel Carrier
Selects Assault Carriers
M3 Assault Carrier
Selects Halftrack Strongpoints
M1919 Machine Gun Team
M1919 Machine Gun Team
Construct Tank Depot
Basecoh3 @ Youtube
☩Maxwell☩
Rolling9Deep
Seocheon
0
0
Comments
sign in to comment!
No comments posted yet!